[Event "Krakow Championship-B 2022"]
[Site "Krakow"]
[Date "2022.06.27"]
[Round "4.6"]
[White "Palacki, Rafal"]
[Black "Maciejewski, Kamil"]
[Result "1/2-1/2"]
[ECO "C55"]
[WhiteElo "1810"]
[BlackElo "1939"]
[Annotator "NA RC"]
[PlyCount "103"]
[EventDate "2022.06.25"]
[EventType "swiss"]
[EventCountry "POL"]
[SourceTitle "playchess.com"]
[Source "ChessBase"]
[SourceQuality "1"]
[TimeControl "40/5400+30:1800+30"]

1. e4 e5 2. Nf3 Nc6 3. Bc4 Nf6 4. d3 Be7 5. O-O O-O 6. Re1 d6 7. a4 Na5 8. Ba2 c5 9. c3 Nc6 10. Na3 a6 11. Bd2 Rb8 12. Nc2 b5 13. axb5 axb5 14. b4 cxb4 15. Nxb4 Nxb4 16. cxb4 Bb7 17. Qb3 Qd7 18. h3 h6 19. Bc3 Bd8 20. Rac1 Bb6 21. Nh4 Kh7 22. Qd1 Ra8 23. Bb1 Qe6 24. Qf3 Rfc8 25. d4 Ra3 26. d5 Qd7 27. Rc2 Rc4 28. Ba2 Rcxc3 29. Rxc3 Rxa2 30. Re2 Ra1+ 31. Kh2 Bd4 32. Ra3 Rb1 33. Rb3 Rxb3 34. Qxb3 g6 35. Qd3 Nh5 36. Rc2 Nf4 37. Qg3 Bb6 38. Nf3 Nh5 39. Qh4 Bd8 40. Qg4 Qxg4 41. hxg4 Nf6 42. Nd2 Nxg4+ 43. Kg3 Nf6 44. f3 Nh5+ 45. Kh2 Nf4 46. Ra2 Bb6 47. Ra3 Ne2 48. Nb3 Nd4 49. Na5 Bc8 50. Nc6 Bb7 51. Na5 Bc8 52. Nc6 1/2-1/2

[Event "Krakow Championship-B 2022"]
[Site "Krakow"]
[Date "2022.06.27"]
[Round "4.7"]
[White "Moeller, Hannah"]
[Black "Cichon, Jakub"]
[Result "0-1"]
[ECO "A05"]
[WhiteElo "1833"]
[BlackElo "1884"]
[Annotator "NA RC"]
[PlyCount "85"]
[EventDate "2022.06.25"]
[EventType "swiss"]
[EventCountry "POL"]
[SourceTitle "playchess.com"]
[Source "ChessBase"]
[SourceQuality "1"]
[TimeControl "40/5400+30:1800+30"]

1. Nf3 Nf6 2. g3 d5 3. Bg2 c5 4. c4 Nc6 5. O-O e5 6. cxd5 Nxd5 7. d3 Be7 8. a3 Be6 9. Nc3 O-O 10. Bd2 h6 11. Rc1 Rc8 12. Nxd5 Bxd5 13. Bc3 Nd4 14. Nxe5 Bxg2 15. Kxg2 Qd5+ 16. Nf3 Nxf3 17. exf3 Bg5 18. Rb1 Rfd8 19. Qa4 Rc6 20. Rbd1 a6 21. Qc4 Rcd6 22. Qxd5 Rxd5 23. f4 Bf6 24. Bxf6 gxf6 25. Rfe1 Rxd3 26. Rxd3 Rxd3 27. Re3 Rd2 28. b3 Rb2 29. a4 Kf8 30. Rc3 Ke7 31. Kf3 Kd6 32. g4 b5 33. axb5 axb5 34. h3 Kd5 35. Rd3+ Kc6 36. Ke3 c4 37. bxc4 bxc4 38. Rd2 Rxd2 39. Kxd2 Kd5 40. Kc3 Ke4 41. f5 Kf3 42. Kxc4 Kxf2 43. Kd4 0-1

[Event "Krakow Championship-B 2022"]
[Site "Krakow"]
[Date "2022.06.27"]
[Round "4.8"]
[White "Hnatyshyn, Anastasiia"]
[Black "Karut, Kacper"]
[Result "1/2-1/2"]
[ECO "E65"]
[WhiteElo "1890"]
[BlackElo "1775"]
[Annotator "NA RC"]
[PlyCount "144"]
[EventDate "2022.06.25"]
[EventType "swiss"]
[EventCountry "POL"]
[SourceTitle "playchess.com"]
[Source "ChessBase"]
[SourceQuality "1"]
[TimeControl "40/5400+30:1800+30"]

1. d4 Nf6 2. c4 g6 3. Nf3 Bg7 4. g3 O-O 5. Bg2 d6 6. O-O c5 7. Nc3 Nc6 8. e3 Rb8 9. b3 Bg4 10. h3 Bd7 11. Bb2 a6 12. dxc5 dxc5 13. Na4 b6 14. Ne5 Qc7 15. Nxd7 Nxd7 16. Nc3 Nf6 17. Qe2 e6 18. Rfd1 Rfd8 19. Rac1 Ne7 20. a3 Rxd1+ 21. Rxd1 Rd8 22. Rd2 Rxd2 23. Qxd2 Qd7 24. Qe2 Ne8 25. Kh2 f5 26. Na4 Bxb2 27. Qxb2 Qd6 28. b4 cxb4 29. axb4 b5 30. c5 Qc7 31. Nc3 Nc6 32. Qb3 Qd7 33. Ne2 Nc7 34. Nf4 Kf7 35. Nd3 Nd5 36. e4 fxe4 37. Bxe4 a5 38. bxa5 Nxa5 39. Ne5+ Ke8 40. Qf3 Qg7 41. Ng4 h5 42. Ne3 Qf7 43. Qxf7+ Kxf7 44. Nxd5 exd5 45. Bxd5+ Kf6 46. c6 Ke7 47. h4 Nc4 48. Be4 Ne5 49. f4 Ng4+ 50. Kg1 b4 51. Bxg6 Nf6 52. Kf2 b3 53. Ke3 Kd6 54. Kd4 b2 55. Kc3 Kxc6 56. Kxb2 Kd5 57. Kc3 Kc5 58. Kd3 Kd5 59. Bf7+ Kc5 60. Ke3 Kd6 61. Kd4 Ke7 62. Bg6 Kd6 63. Bd3 Ke6 64. Bg6 Kd6 65. f5 Kd7 66. Ke5 Ke7 67. Kf4 Kf8 68. Ke5 Ke7 69. Bxh5 Nxh5 70. g4 Ng3 71. h5 Kf7 72. h6 Ne2 1/2-1/2

[Event "Krakow Championship-B 2022"]
[Site "Krakow"]
[Date "2022.06.27"]
[Round "4.9"]
[White "Cattaruzzo, Nicolo`"]
[Black "Cwiek, Ryszard"]
[Result "1/2-1/2"]
[ECO "D30"]
[WhiteElo "1744"]
[BlackElo "1880"]
[Annotator "NA RC"]
[PlyCount "196"]
[EventDate "2022.06.25"]
[EventType "swiss"]
[EventCountry "POL"]
[SourceTitle "playchess.com"]
[Source "ChessBase"]
[SourceQuality "1"]
[TimeControl "40/5400+30:1800+30"]

1. d4 d5 2. c4 e6 3. Nf3 Nf6 4. g3 b6 5. Bg2 Bb7 6. O-O Be7 7. Qa4+ {[%emt 0:04:47] 7.cxd5 is a critical line.} Bc6 8. Qc2 O-O 9. Ne5 Bb7 10. cxd5 exd5 {[%emt 0:02:28] [#]} 11. Be3 $146 ({Predecessor:} 11. Rd1 Nfd7 12. Nd3 Re8 13. Nc3 Nf6 14. Nf4 c6 15. a3 Nbd7 16. b4 Rc8 17. Qd3 Nf8 18. Bb2 {½-½ (38) Sipila,M-Alkkiomaki,J Heinola 2002}) 11... Na6 12. a3 c5 13. Rd1 Bd6 14. Nc3 Qe7 15. Nf3 Nc7 16. Nh4 Ng4 17. Nf5 Qf6 18. Bc1 cxd4 19. Rxd4 Nxf2 20. Rh4 Ne4 21. Nxd6 Qxd6 22. Nxe4 dxe4 23. Bf4 Qd7 24. Qxc7 Qxc7 25. Bxc7 f5 26. g4 Rf7 27. Be5 Re8 28. Bc3 f4 29. Rf1 f3 30. exf3 exf3 31. Bh3 Ba6 32. g5 Bxf1 33. Bxf1 Rf5 34. Bc4+ Kh8 35. g6 Rg5+ 36. Kf2 Rg2+ 37. Kxf3 Rxg6 38. Bd3 Rf8+ 39. Ke3 Re6+ 40. Kd2 Rf2+ 41. Kc1 h6 42. Rd4 Re8 43. Rd7 Rg2 44. Kb1 h5 45. h4 Rg4 46. Bc2 a5 47. a4 Rc8 48. Ka2 Rg2 49. Kb3 b5 50. Be4 bxa4+ 51. Ka3 Rg3 52. Rd5 Rcxc3+ 53. bxc3 Rxc3+ 54. Kb2 Rb3+ 55. Ka2 g6 56. Bxg6 Rb4 57. Rxh5+ Kg7 58. Bb1 a3 59. Rg5+ Kh6 60. Rxa5 Rxh4 61. Rxa3 Rh2+ 62. Ka1 Kg5 63. Rf3 Rd2 64. Ba2 Rh2 65. Bb3 Kg4 66. Rf8 Kg5 67. Kb1 Rh1+ 68. Kb2 Rh2+ 69. Kc3 Rh3+ 70. Kc4 Re3 71. Bc2 Re7 72. Kd5 Re1 73. Be4 Kg4 74. Ke5 Kg3 75. Rg8+ Kf2 76. Kf4 Ke2 77. Rg2+ Kd1 78. Ra2 Kc1 79. Ke5 Rd1 80. Kf4 Rd2 81. Ra3 $14 Kb2 82. Rh3 Rd8 83. Ke5 Re8+ 84. Kd4 Rg8 85. Rh2+ Ka3 86. Bd3 Rg4+ 87. Kc3 Rb4 88. Bc4 Rb3+ 89. Kd4 Rb2 90. Rh6 Rb8 91. Rh1 Kb2 92. Rh2+ Ka1 $2 (92... Kc1 $14) 93. Kc3 Rb2 $1 94. Rh1+ Rb1 95. Rh8 Rc1+ 96. Kb3 Rb1+ 97. Ka3 Rb2 98. Bd3 (98. Rh1+ $14 Rb1 99. Rh3) 98... Rb3+ 1/2-1/2

[Event "Krakow Championship-B 2022"]
[Site "Krakow"]
[Date "2022.06.27"]
[Round "4.10"]
[White "Cichon, Bartlomiej"]
[Black "Klementys, Jerzy"]
[Result "1-0"]
[ECO "B90"]
[WhiteElo "1895"]
[BlackElo "1614"]
[Annotator "NA RC"]
[PlyCount "59"]
[EventDate "2022.06.25"]
[EventType "swiss"]
[EventCountry "POL"]
[SourceTitle "playchess.com"]
[Source "ChessBase"]
[SourceQuality "1"]
[TimeControl "40/5400+30:1800+30"]

1. e4 c5 2. Nf3 d6 3. d4 cxd4 4. Nxd4 Nf6 5. Nc3 a6 6. h3 e5 7. Nde2 h5 8. g3 Be6 9. Bg2 Qc7 10. Be3 Nbd7 11. O-O b5 12. Qd2 Nb6 13. b3 Rc8 14. Rac1 Be7 15. Kh1 O-O 16. Nd5 Nbxd5 17. exd5 Bf5 18. c4 Qd7 19. cxb5 axb5 20. Kh2 Qb7 21. a4 bxa4 22. bxa4 Qa6 23. Nc3 Bd8 24. Nb5 Ba5 25. Qb2 Bd7 26. Rxc8 Rxc8 27. Rd1 Rc4 28. Bf1 Rxa4 29. Na7 Bc3 30. Qb8+ 1-0

[Event "Krakow Championship-B 2022"]
[Site "Krakow"]
[Date "2022.06.27"]
[Round "4.11"]
[White "Radzimski, Antoni"]
[Black "Kulesza, Andrzej"]
[Result "0-1"]
[ECO "B90"]
[WhiteElo "1612"]
[BlackElo "1998"]
[Annotator "RC"]
[PlyCount "152"]
[EventDate "2022.06.25"]
[EventType "swiss"]
[EventCountry "POL"]
[SourceTitle "playchess.com"]
[Source "ChessBase"]
[SourceQuality "1"]
[TimeControl "40/5400+30:1800+30"]

1. e4 c5 2. Nf3 d6 3. d4 cxd4 4. Nxd4 Nf6 5. Nc3 a6 6. h4 e5 7. Nb3 Be7 8. h5 h6 9. Be2 b5 10. Be3 Bb7 11. Nd5 Nxd5 12. exd5 Nd7 13. a4 b4 14. Qd3 O-O 15. O-O-O f5 16. f3 a5 17. Kb1 Qe8 18. Qd2 Nf6 19. Bb5 Qc8 20. Qe2 Kh8 21. Bc4 Qd7 22. f4 e4 23. Bb5 Qc8 24. Bc4 Bd8 25. Bd4 Ng4 26. Rhe1 Rf7 27. Bb5 Kh7 28. Be3 Nf6 29. Rd2 Bc7 30. Red1 Re7 31. Ka2 Qg8 32. Kb1 Qf7 33. Nd4 Ng4 34. Nc6 Ree8 35. Rh1 Rec8 36. Rh4 Nf6 37. Bc4 Nd7 38. Rh1 Bb6 39. Bb5 Bxe3 40. Qxe3 Nf6 41. Qb6 e3 42. Qxe3 Nxd5 43. Qb3 Rxc6 44. Bxc6 Bxc6 45. Rhd1 Qxh5 46. Rxd5 Bxd5 47. Qxd5 Re8 48. Qxd6 Qg4 49. Qd7 Re2 50. g3 Re7 51. Qd5 Re3 52. Rg1 h5 53. Qh1 Rf3 54. Qh2 Kh6 55. Kc1 Re3 56. Kb1 Re2 57. Qh1 Rf2 58. Qc6+ Kh7 59. Qh1 Qe2 60. Qc6 b3 61. Rc1 Rg2 62. Qc3 bxc2+ 63. Qxc2 Qxc2+ 64. Rxc2 Rxg3 65. b4 axb4 66. a5 Rd3 67. a6 Rd7 68. Ra2 Ra7 69. Kb2 h4 70. Kb3 Kg6 71. Kxb4 Kh5 72. Kb5 Kg4 73. Kb6 Rxa6+ 74. Kxa6 h3 75. Kb6 Kxf4 76. Kc5 g5 0-1

[Event "Krakow Championship-B 2022"]
[Site "Krakow"]
[Date "2022.06.27"]
[Round "4.12"]
[White "Lazniewska, Zofia"]
[Black "Szopa, Emilia"]
[Result "0-1"]
[ECO "B17"]
[WhiteElo "1703"]
[BlackElo "1839"]
[Annotator "NA RC"]
[PlyCount "120"]
[EventDate "2022.06.25"]
[EventType "swiss"]
[EventCountry "POL"]
[SourceTitle "playchess.com"]
[Source "ChessBase"]
[SourceQuality "1"]
[TimeControl "40/5400+30:1800+30"]

1. e4 c6 2. d4 d5 3. Nc3 dxe4 4. Nxe4 Nd7 5. Nf3 Ngf6 6. Ng3 Qc7 7. Bd3 e6 8. O-O Bd6 9. Re1 O-O 10. Ne4 Nxe4 11. Bxe4 h6 12. c3 b6 13. h3 Bb7 14. Bc2 c5 15. Qd3 Nf6 16. Ne5 cxd4 17. Ng4 Ne4 18. Rxe4 Bxe4 19. Qxe4 f5 20. Qxe6+ Kh8 21. Qg6 Rae8 22. Bd2 Qd7 23. Nh2 Bxh2+ 24. Kxh2 Re2 25. Rd1 dxc3 26. bxc3 Rf6 27. Qh5 Qd6+ 28. Kh1 Rxd2 29. Rxd2 Qxd2 30. Bb3 Qe1+ 31. Kh2 Kh7 32. Qf3 Qe5+ 33. Kg1 Rf8 34. Bc2 Rf7 35. Bb3 Re7 36. Bc2 Qe1+ 37. Kh2 Qe5+ 38. Kg1 g6 39. Bb3 Qd6 40. g3 Qe5 41. Kh2 Qe4 42. Qd1 Qe1 43. Qd4 Qe5 44. Qd2 a5 45. Qd8 Rg7 46. Qxb6 Qxc3 47. Qd8 Qe1 48. Kg2 Qe4+ 49. Kh2 f4 50. Qxa5 fxg3+ 51. Kxg3 Rd7 52. Qa6 Rd3+ 53. Kh2 Qf5 54. Qb7+ Rd7 55. Qb4 Qxf2+ 56. Kh1 Qf3+ 57. Kh2 Qe2+ 58. Kg1 Qe3+ 59. Kg2 Rd2+ 60. Kf1 Qf2# 0-1

[Event "Krakow Championship-B 2022"]
[Site "Krakow"]
[Date "2022.06.28"]
[Round "5.1"]
[White "Skomial, Mateusz"]
[Black "Owoc, Jakub"]
[Result "1/2-1/2"]
[ECO "C50"]
[WhiteElo "2063"]
[BlackElo "1741"]
[Annotator "NA RC"]
[PlyCount "69"]
[EventDate "2022.06.25"]
[EventType "swiss"]
[EventCountry "POL"]
[SourceTitle "playchess.com"]
[Source "ChessBase"]
[SourceQuality "1"]
[TimeControl "40/5400+30:1800+30"]

1. e4 e5 2. Nf3 Nf6 3. Nc3 Nc6 4. Bc4 Bc5 5. d3 d6 6. h3 h6 7. Na4 Bb6 8. c3 O-O 9. O-O d5 10. Nxb6 axb6 11. exd5 Nxd5 12. Re1 Re8 13. d4 e4 14. Ne5 Bf5 15. Ng4 Nf6 16. Bf4 Na5 17. Bb5 c6 18. Bf1 c5 19. dxc5 Bxg4 20. Qxd8 Rexd8 21. hxg4 bxc5 22. g5 Nd5 23. Rxe4 Nxf4 24. Rxf4 hxg5 25. Rf5 Rd2 26. b4 cxb4 27. cxb4 Nb3 28. Re1 Nd4 29. Rxg5 Raxa2 30. Bc4 Ne6 31. Bxe6 fxe6 32. Rxe6 Rd1+ 33. Kh2 Rxf2 34. Re8+ Rf8 35. Rxf8+ 1/2-1/2

[Event "Krakow Championship-B 2022"]
[Site "Krakow"]
[Date "2022.06.28"]
[Round "5.2"]
[White "Szczurek, Krzysztof"]
[Black "Khandhar, Kaushal"]
[Result "1-0"]
[ECO "A06"]
[WhiteElo "2151"]
[BlackElo "1936"]
[Annotator "RC"]
[PlyCount "113"]
[EventDate "2022.06.25"]
[EventType "swiss"]
[EventCountry "POL"]
[SourceTitle "playchess.com"]
[Source "ChessBase"]
[SourceQuality "1"]
[TimeControl "40/5400+30:1800+30"]

1. Nf3 d5 2. g3 g6 3. Bg2 Bg7 4. O-O e5 5. d3 Ne7 6. e4 O-O 7. Nc3 d4 8. Ne2 c5 9. Nd2 Nbc6 10. f4 f6 11. Nf3 h6 12. h3 Be6 13. g4 exf4 14. Bxf4 Qd7 15. Kh2 f5 16. exf5 gxf5 17. g5 Nd5 18. gxh6 Bf6 19. Qd2 Bf7 20. Ng3 Rae8 21. Rg1 Re3 22. Bxe3 dxe3 23. Qe2 Re8 24. Rae1 Bd8 25. Kh1 Kh8 26. c4 Nf4 27. Qc2 Bf6 28. a3 Bh5 29. Nxh5 Nxh5 30. Bf1 f4 31. Rg6 Qf5 32. Rg4 Ng3+ 33. Kh2 Nd4 34. Qg2 e2 35. Bxe2 Rxe2 36. Rxe2 Ndxe2 37. Ne1 Bd4 38. Nf3 Bf6 39. Ng1 Nxg1 40. Qxb7 Qxd3 41. Qb8+ Qd8 42. Qxd8+ Bxd8 43. Rxf4 Bg5 44. Rf8+ Kh7 45. Kxg3 Ne2+ 46. Kg4 Bxh6 47. Rf7+ Kg6 48. Rxa7 Nc1 49. Rd7 Nb3 50. a4 Bf8 51. Rb7 Na5 52. Rb6+ Kf7 53. b3 Ke8 54. Rb5 Nc6 55. a5 Kd7 56. a6 Kc8 57. h4 1-0

[Event "Krakow Championship-B 2022"]
[Site "Krakow"]
[Date "2022.06.28"]
[Round "5.3"]
[White "Cichon, Jakub"]
[Black "Stemmler, Fabian"]
[Result "0-1"]
[ECO "C07"]
[WhiteElo "1884"]
[BlackElo "2054"]
[Annotator "NA RC"]
[PlyCount "94"]
[EventDate "2022.06.25"]
[EventType "swiss"]
[EventCountry "POL"]
[SourceTitle "playchess.com"]
[Source "ChessBase"]
[SourceQuality "1"]
[TimeControl "40/5400+30:1800+30"]

1. e4 e6 2. d4 d5 3. Nd2 c5 4. exd5 Qxd5 5. Ngf3 cxd4 6. Bc4 Qd6 7. O-O Nf6 8. Nb3 Nc6 9. Nbxd4 Nxd4 10. Nxd4 Be7 11. Bb3 O-O 12. c3 a5 13. Bg5 Bd7 14. Re1 a4 15. Bc2 a3 16. Qd3 g6 17. b3 Nd5 18. Nf3 Bxg5 19. Nxg5 Qf4 20. Ne4 Bc6 21. g3 Qf5 22. Qd2 Nf6 23. Nxf6+ Qxf6 24. Be4 Rfd8 25. Qc2 Bxe4 26. Rxe4 Rd7 27. Rae1 Rad8 28. Rf4 Qg5 29. Qe4 Qa5 30. Re3 Qb5 31. Qc4 Rd1+ 32. Kg2 Qxc4 33. Rxc4 R1d2 34. Rc7 Rxa2 35. Rf3 f5 36. Re3 Rdd2 37. Rxe6 Rxf2+ 38. Kg1 Rfe2 39. Rxe2 Rxe2 40. Rxb7 a2 41. Ra7 Re1+ 42. Kf2 a1=Q 43. Rxa1 Rxa1 44. Ke3 Ra3 45. Kd4 Rxb3 46. c4 Kf7 47. Kd5 Ke7 0-1

[Event "Krakow Championship-B 2022"]
[Site "Krakow"]
[Date "2022.06.28"]
[Round "5.4"]
[White "Hnatyshyn, Anastasiia"]
[Black "Malik, Maciej"]
[Result "1/2-1/2"]
[ECO "B07"]
[WhiteElo "1890"]
[BlackElo "1984"]
[Annotator "NA RC"]
[PlyCount "80"]
[EventDate "2022.06.25"]
[EventType "swiss"]
[EventCountry "POL"]
[SourceTitle "playchess.com"]
[Source "ChessBase"]
[SourceQuality "1"]
[TimeControl "40/5400+30:1800+30"]

1. e4 g6 2. d4 d6 3. Nc3 Nf6 4. Be3 c6 5. Qd2 b5 6. f3 a6 7. g4 h5 8. g5 Nfd7 9. f4 Nb6 10. O-O-O d5 11. f5 b4 12. Nb1 dxe4 13. fxg6 fxg6 14. Qxb4 Nd5 15. Qd2 Bg4 16. Be2 Bf5 17. c4 Nxe3 18. Qxe3 e5 19. Nc3 Nd7 20. Nxe4 Bxe4 21. Qxe4 Qxg5+ 22. Kb1 Qf5 23. Bd3 Qxe4 24. Bxe4 O-O-O 25. Nf3 exd4 26. Nxd4 Ne5 27. b3 Kb7 28. h3 Kb6 29. Kc2 Be7 30. Ne6 Rxd1 31. Kxd1 g5 32. Ke2 Rg8 33. Bh7 Re8 34. Ng7 Rf8 35. Rf1 Rh8 36. Be4 h4 37. Rf5 Ng6 38. Ne6 Nf4+ 39. Nxf4 gxf4 40. Rxf4 Rh6 1/2-1/2

[Event "Krakow Championship-B 2022"]
[Site "Krakow"]
[Date "2022.06.28"]
[Round "5.5"]
[White "Zamekhovskiy, Yevgen"]
[Black "Cichon, Bartlomiej"]
[Result "1-0"]
[ECO "A49"]
[WhiteElo "1926"]
[BlackElo "1895"]
[Annotator "NA RC"]
[PlyCount "55"]
[EventDate "2022.06.25"]
[EventType "swiss"]
[EventCountry "POL"]
[SourceTitle "playchess.com"]
[Source "ChessBase"]
[SourceQuality "1"]
[TimeControl "40/5400+30:1800+30"]

1. d4 Nf6 2. Nf3 g6 3. g3 Bg7 4. Bg2 O-O 5. O-O d6 6. a4 Nc6 7. a5 e5 8. a6 e4 9. Ng5 Re8 10. d5 Nb4 11. Nc3 Nxa6 12. Ngxe4 Nxe4 13. Nxe4 Bf5 14. Nd2 Nc5 15. h3 h5 16. Re1 Be4 17. Nxe4 Nxe4 18. Ra4 Nc5 19. Ra2 h4 20. g4 Kh7 21. e4 Qf6 22. g5 Qd4 23. Qg4 Rh8 24. Qxh4+ Kg8 25. Qg4 a6 26. Rd1 Qe5 27. b4 Nd7 28. Qxd7 1-0

[Event "Krakow Championship-B 2022"]
[Site "Krakow"]
[Date "2022.06.28"]
[Round "5.6"]
[White "Kulesza, Andrzej"]
[Black "Cwiek, Ryszard"]
[Result "1-0"]
[ECO "C00"]
[WhiteElo "1998"]
[BlackElo "1880"]
[Annotator "NA RC"]
[PlyCount "201"]
[EventDate "2022.06.25"]
[EventType "swiss"]
[EventCountry "POL"]
[SourceTitle "playchess.com"]
[Source "ChessBase"]
[SourceQuality "1"]
[TimeControl "40/5400+30:1800+30"]

1. e4 e6 2. d4 b6 3. Nf3 Bb7 4. Bd3 Be7 5. O-O d6 6. Re1 Nf6 7. Nbd2 O-O 8. c3 Nc6 9. Nf1 e5 10. Ng3 Ne8 11. b3 Bf6 12. Bb2 g6 13. Qd2 h5 14. h3 Ng7 15. Rad1 h4 16. Nf1 Nh5 17. Ne3 Nf4 18. Nd5 Nxd3 19. Nxf6+ Qxf6 20. Qxd3 Bc8 21. Bc1 a5 22. Bg5 Qh8 23. Qc4 Bd7 24. d5 b5 25. Qxb5 Nb8 26. Qd3 f5 27. Bc1 f4 28. Ba3 g5 29. Nh2 Qg7 30. f3 Na6 31. Rc1 Rfb8 32. Nf1 Qf8 33. Nd2 Qc8 34. Qe2 Qb7 35. Qf2 Qb6 36. Nc4 Qxf2+ 37. Kxf2 Rb5 38. Nb2 Rb7 39. Nd3 Kf7 40. Rc2 Ke8 41. Rec1 Kd8 42. Ke1 Rbb8 43. Kd2 Ra7 44. c4 Nb4 45. Bxb4 axb4 46. Ra1 Bc8 47. Kc1 c5 48. dxc6 Kc7 49. Kb2 Kxc6 50. a3 bxa3+ 51. Rxa3 Rxa3 52. Kxa3 Ra8+ 53. Kb2 Be6 54. Rc1 Rb8 55. Kc3 Ra8 56. Nb4+ Kc5 57. Nc2 Kb6 58. Ra1 Rc8 59. Nb4 Kb7 60. Ra6 Rd8 61. Ra5 Kb6 62. Rb5+ Kc7 63. Nd5+ Bxd5 64. Rxd5 Ra8 65. Kb2 Rb8 66. c5 dxc5 67. Rxe5 Kc6 68. Kc3 Ra8 69. Rxg5 Ra2 70. b4 cxb4+ 71. Kxb4 Kd6 72. Kc4 Rc2+ 73. Kd3 Ra2 74. Rg4 Ke5 75. Rxh4 Rxg2 76. Rh5+ Ke6 77. Rf5 Rg3 78. Rxf4 Rxh3 79. Ke3 Rh8 80. Rg4 Kf6 81. Rg1 Rb8 82. Ra1 Rb3+ 83. Kf4 Rb6 84. Rh1 Rb3 85. Rh6+ Ke7 86. e5 Ra3 87. Ke4 Ra4+ 88. Kf5 Ra5 89. Rh7+ Ke8 90. f4 Ra4 91. e6 Kd8 92. Ke5 Ke8 93. f5 Kf8 94. Kf6 Kg8 95. Rg7+ Kh8 96. Rd7 Ra6 97. Kf7 Ra5 98. f6 Rg5 99. Rd1 Rh5 100. Kg6 Rh2 101. Rd8# 1-0

[Event "Krakow Championship-B 2022"]
[Site "Krakow"]
[Date "2022.06.28"]
[Round "5.7"]
[White "Duncan, Patrick C M"]
[Black "Palacki, Rafal"]
[Result "1-0"]
[ECO "A01"]
[WhiteElo "2013"]
[BlackElo "1810"]
[Annotator "NA RC"]
[PlyCount "85"]
[EventDate "2022.06.25"]
[EventType "swiss"]
[EventCountry "POL"]
[SourceTitle "playchess.com"]
[Source "ChessBase"]
[SourceQuality "1"]
[TimeControl "40/5400+30:1800+30"]

1. b3 e5 2. Bb2 Nc6 3. e3 Nf6 4. Nf3 e4 5. Nd4 Bc5 6. Nxc6 dxc6 7. d3 exd3 8. Bxd3 Bg4 9. Be2 Bxe2 10. Qxd8+ Rxd8 11. Kxe2 Nd5 12. a3 O-O 13. c4 Nf4+ 14. Kf3 Nd3 15. Bc3 Rfe8 16. Rd1 Ne5+ 17. Ke2 Rxd1 18. Kxd1 Ng4 19. Ke2 f5 20. h3 Ne5 21. Bxe5 Rxe5 22. Kf3 a5 23. Ra2 Kf7 24. Rb2 Be7 25. a4 h5 26. Nc3 g5 27. g4 fxg4+ 28. hxg4 h4 29. Ne2 Bf6 30. Rd2 Re7 31. Rd3 Ke8 32. Ng1 Rd7 33. Rxd7 Kxd7 34. Ke4 Ke6 35. f4 Be7 36. Nh3 gxf4 37. exf4 Bd6 38. f5+ Kf7 39. g5 Ba3 40. Kf3 Bb4 41. Kg4 Be1 42. Ng1 Kg7 43. Nf3 1-0

[Event "Krakow Championship-B 2022"]
[Site "Krakow"]
[Date "2022.06.28"]
[Round "5.8"]
[White "Maciejewski, Kamil"]
[Black "Szopa, Emilia"]
[Result "1/2-1/2"]
[ECO "A37"]
[WhiteElo "1939"]
[BlackElo "1839"]
[Annotator "NA RC"]
[PlyCount "141"]
[EventDate "2022.06.25"]
[EventType "swiss"]
[EventCountry "POL"]
[SourceTitle "playchess.com"]
[Source "ChessBase"]
[SourceQuality "1"]
[TimeControl "40/5400+30:1800+30"]

1. Nf3 c5 2. g3 Nc6 3. Bg2 g6 4. c4 Bg7 5. Nc3 e5 6. O-O Nge7 7. Ne1 O-O 8. Nc2 a6 9. a3 Nd4 10. b4 Qc7 11. Ne3 cxb4 12. axb4 Rb8 13. d3 d6 14. Ned5 Nxd5 15. Nxd5 Qd8 16. e3 Ne6 17. Bb2 Nc7 18. Qd2 Be6 19. Nxc7 Qxc7 20. Rfc1 Rfc8 21. Ra5 Qd7 22. b5 axb5 23. Rxb5 Rc5 24. Rb6 Qc7 25. Qb4 d5 26. Ba3 Bf8 27. Qb2 Rc6 28. Rb5 Bxa3 29. Qxa3 e4 30. Rcb1 exd3 31. cxd5 Rc3 32. R5b3 Rxb3 33. Qxb3 Bf5 34. e4 d2 35. Qd1 Bg4 36. Qxd2 b5 37. h3 Bd7 38. d6 Qb6 39. e5 b4 40. Bd5 Bxh3 41. Qf4 Bf5 42. g4 Be6 43. Bxe6 fxe6 44. Qf6 Re8 45. Rd1 Rf8 46. Qxe6+ Kg7 47. Rd2 b3 48. Rb2 Qd4 49. Qxb3 Qxe5 50. Qb7+ Rf7 51. Qb6 Rd7 52. Rb1 Rxd6 53. Qc7+ Kh6 54. Qc1+ Qg5 55. Qc4 Qd5 56. Qf4+ Kg7 57. Re1 Rf6 58. Qc7+ Rf7 59. Qc3+ Kh6 60. Qh3+ Kg7 61. Qc3+ Kh6 62. Qe3+ Qg5 63. Qg3 Kg7 64. Re5 Qf4 65. Qxf4 Rxf4 66. g5 Rf5 67. Rxf5 gxf5 68. Kg2 Kg6 69. f4 h6 70. gxh6 Kxh6 71. Kg3 1/2-1/2

[Event "Krakow Championship-B 2022"]
[Site "Krakow"]
[Date "2022.06.28"]
[Round "5.9"]
[White "Budkiewicz, Magdalena"]
[Black "Cattaruzzo, Nicolo`"]
[Result "1-0"]
[ECO "B70"]
[WhiteElo "1916"]
[BlackElo "1744"]
[Annotator "NA RC"]
[PlyCount "65"]
[EventDate "2022.06.25"]
[EventType "swiss"]
[EventCountry "POL"]
[SourceTitle "playchess.com"]
[Source "ChessBase"]
[SourceQuality "1"]
[TimeControl "40/5400+30:1800+30"]

1. e4 c5 2. Nf3 d6 3. d4 cxd4 4. Nxd4 Nf6 5. Nc3 g6 6. Be2 Bg7 7. O-O O-O 8. Be3 a6 9. f4 Qc7 10. Bf3 Bd7 11. Kh1 Nc6 12. Nb3 b5 13. a3 Rac8 14. Qd2 Rfd8 15. Nd5 Nxd5 16. exd5 Nb8 17. c3 a5 18. Qf2 Qc4 19. Nxa5 Qd3 20. g4 b4 21. Rfd1 Qb5 22. axb4 Be8 23. Bb6 Qd7 24. Bxd8 Qxd8 25. Nb7 Qc7 26. Ra7 Bb5 27. Qe3 Re8 28. Na5 Qc8 29. Qb6 Ba4 30. Ra1 Nd7 31. Qb7 Nf6 32. Qxc8 Rxc8 33. Rxa4 1-0

[Event "Krakow Championship-B 2022"]
[Site "Krakow"]
[Date "2022.06.28"]
[Round "5.10"]
[White "Garsky, Vladyslav"]
[Black "Czaplak, Lukasz"]
[Result "1-0"]
[ECO "E68"]
[WhiteElo "1860"]
[BlackElo "1905"]
[Annotator "NA RC"]
[PlyCount "51"]
[EventDate "2022.06.25"]
[EventType "swiss"]
[EventCountry "POL"]
[SourceTitle "playchess.com"]
[Source "ChessBase"]
[SourceQuality "1"]
[TimeControl "40/5400+30:1800+30"]

1. Nf3 Nf6 2. g3 g6 3. Bg2 Bg7 4. O-O O-O 5. c4 d6 6. d4 Nbd7 7. Nc3 e5 8. e4 Re8 9. Re1 exd4 10. Nxd4 a5 11. b3 Nc5 12. Bb2 a4 13. Rc1 a3 14. Ba1 c6 15. Qd2 Qc7 16. Rcd1 Be6 17. h3 Rad8 18. f4 Bc8 19. Qf2 Re7 20. b4 Ne6 21. Nc2 Nd7 22. Bf1 g5 23. Ne3 gxf4 24. gxf4 Nd4 25. Ncd5 cxd5 26. Nxd5 1-0

[Event "Krakow Championship-B 2022"]
[Site "Krakow"]
[Date "2022.06.28"]
[Round "5.12"]
[White "Karut, Kacper"]
[Black "Skytte, Robert"]
[Result "1-0"]
[ECO "B90"]
[WhiteElo "1775"]
[BlackElo "1551"]
[Annotator "NA RC"]
[PlyCount "59"]
[EventDate "2022.06.25"]
[EventType "swiss"]
[EventCountry "POL"]
[SourceTitle "playchess.com"]
[Source "ChessBase"]
[SourceQuality "1"]
[TimeControl "40/5400+30:1800+30"]

1. e4 c5 2. Nf3 d6 3. d4 cxd4 4. Nxd4 Nf6 5. Nc3 a6 6. h4 e5 7. Nb3 Be6 8. f4 Nbd7 9. f5 Bxb3 10. axb3 Nc5 11. Bg5 Be7 12. Bxf6 Bxf6 13. g3 Be7 14. Bc4 O-O 15. Qh5 Nd7 16. O-O-O Qa5 17. Nd5 Rae8 18. Kb1 b5 19. Bd3 Nf6 20. Nxf6+ Bxf6 21. Qf3 g6 22. g4 g5 23. hxg5 Bxg5 24. f6 Bf4 25. Qh3 h6 26. g5 Bxg5 27. Rdg1 Kh7 28. Rxg5 Qa1+ 29. Kxa1 Rg8 30. Qxh6# 1-0